 Dungeon Crawl Stone Soup version 0.17.1-3-g152610e (webtiles) character file.

7665 Heskey the Fighter (level 10, -2/95 HPs)
             Began as a Mottled Draconian Fighter on Mar 22, 2016.
             Was an Elder of Makhleb.
             Slain by a red ugly thing (20 damage)
             ... on level 11 of the Dungeon.
             The game lasted 00:30:11 (11097 turns).

Heskey the Fighter (Mottled Draconian Fighter)     Turns: 11097, Time: 00:30:12

Health: -2/95      AC:  9    Str: 25    XL:     10   Next: 99%
Magic:  10/10      EV: 15    Int:  8    God:    Makhleb [****..]
Gold:   425        SH:  4    Dex: 10    Spells: 0 memorised, 9 levels left

rFire  . . .     SeeInvis .     C - +3 dagger (speed)
rCold  . . .     Clarity  .     (armour unavailable)
rNeg   . . .     SustAt   .     x - +0 buckler
rPois  .         Gourm    .     (helmet restricted)
rElec  .         Spirit   .     (no cloak)
rCorr  .         Warding  .     (no gloves)
rMut   .         Stasis   .     h - +1 pair of boots
MR     ++...                    (no amulet)
Stlth  +.........               v - ring of protection from magic
                                e - ring of protection from magic

@: about to teleport, very resistant to hostile enchantments, very unstealthy
A: breathe sticky flame splash, unfitting armour, screaming 1, slow regeneration
1, strong 1, cold-blooded, AC +7
a: Breathe Sticky Flame, Minor Destruction, Lesser Servant of Makhleb, Major
Destruction, Renounce Religion


You were on level 11 of the Dungeon.
You worshipped Makhleb.
Makhleb was greatly pleased with you.
You were very hungry.

You visited 2 branches of the dungeon, and saw 12 of its levels.
You also visited: Sewer.

You collected 425 gold pieces.

Inventory:

Hand Weapons
 c - a +7 dagger of flaming
 l - a +1 dagger of electrocution
 C - a +3 dagger of speed (weapon)
Armour
 h - a +1 pair of boots (worn)
 x - a +0 buckler (worn)
Jewellery
 e - a ring of protection from magic (left hand)
 f - an uncursed ring of flight
 v - a ring of protection from magic (right hand)
Wands
 g - a wand of fireball (12)
 q - a wand of frost (39)
 s - a wand of random effects (23)
 w - a wand of invisibility (5)
 F - a wand of digging (9)
Scrolls
 b - 2 scrolls of teleportation
 i - a scroll of immolation {unknown}
 j - 2 scrolls of remove curse
 n - 2 scrolls of amnesia
 p - 4 scrolls of identify
 u - 3 scrolls of enchant armour
 y - a scroll of blinking {unknown}
 z - a scroll of fog
 A - a scroll of magic mapping
 H - a scroll of enchant weapon
Potions
 o - 4 potions of curing
 r - a potion of heal wounds
 t - 3 potions of brilliance
 G - a potion of agility
Books
 a - a book of Summonings

   Spells                             Type                      Level
   a - Recall                         Summoning/Translocation      3
   b - Aura of Abjuration             Summoning                    5
   c - Shadow Creatures               Summoning                    5
   d - Summon Demon                   Summoning                    5
   e - Summon Forest                  Summoning/Translocation      5
   f - Summon Mana Viper              Hexes/Summoning              5
 k - a book of Clouds

   Spells                             Type                      Level
   a - Mephitic Cloud                 Conjuration/Poison/Air       3
   b - Conjure Flame                  Conjuration/Fire             3
   c - Poisonous Cloud                Conjuration/Poison/Air       6
   d - Freezing Cloud                 Conjuration/Ice/Air          6
   e - Ring of Flames                 Charms/Fire                  7
 B - a book of Dreams

   Spells                             Type                      Level
   a - Ensorcelled Hibernation        Hexes/Ice                    2
   b - Phase Shift                    Translocation                5
   c - Shadow Creatures               Summoning                    5
   d - Silence                        Hexes/Air                    5
   e - Darkness                       Hexes                        6
   f - Mass Confusion                 Hexes                        6
 E - the Disquisition on Helpful Execration
   (You found it on level 9 of the Dungeon)

   Spells                             Type                      Level
   a - Infusion                       Charms                       1
   b - Regeneration                   Charms/Necromancy            3
   c - Inner Flame                    Hexes/Fire                   3
   d - Confuse                        Hexes                        3
   e - Leda's Liquefaction            Hexes/Earth                  4
   f - Haste                          Charms                       6
Comestibles
 d - 11 bread rations
 m - 3 meat rations


   Skills:
 + Level 11.1 Fighting
 + Level 10.0 Short Blades
 + Level 9.5 Dodging
 - Level 3.0 Shields


You had 9 spell levels left.
You didn't know any spells.

Dungeon Overview and Level Annotations

Branches:
Dungeon (11/15)            Temple (1/1) D:6             Orc (0/4) D:9
   Lair: D:8-11

Altars:
Ashenzari
Cheibriados
Dithmenos
Elyvilon
Fedhas
Gozag
Kikubaaqudgha
Makhleb
Nemelex Xobeh
Okawaru
Qazlal
Ru
Sif Muna
Trog
Vehumet
Xom
Yredelemnul
Zin
The Shining One

Shops:
D:10 }


Innate Abilities, Weirdness & Mutations

You can spit globs of burning liquid.
You can ignite nearby creatures when you spit burning liquid.
Your weird mottled scales are hard (AC +7).
Your body does not fit into most forms of armour.
You are cold-blooded and may be slowed by cold attacks.
You occasionally shout uncontrollably at your foes.
You regenerate slowly when monsters are visible.
Your muscles are strong. (Str +2)


Message History

You feel much better. The red ugly thing bites you.
You are engulfed in flames!!
* * * LOW HITPOINT WARNING * * *
You are too injured to fight recklessly!
You are too injured to fight recklessly!
You are too injured to fight recklessly!
You are too injured to fight recklessly!
You are too injured to fight recklessly!
You are too injured to fight recklessly!
You are too injured to fight recklessly!
Drink which item? (? for menu, Esc to quit)
Okay, then.
Read which item? (? for menu, Esc to quit)
Okay, then.
Read which item? (? for menu, Esc to quit)
As you read the scroll of teleportation, it crumbles to dust.
You feel strangely unstable. The red ugly thing bites you.
* * * LOW HITPOINT WARNING * * *
You are engulfed in flames!!
You die...

## ... ..#
###########..#
.............#
......u......#
#@.# ### .
#..##..##...
#?..........
#...<....>..
#..######..#
#..# #..# #..+
##+#


You could see a red ugly thing.

Vanquished Creatures
  Prince Ribbit (D:7)
  3 wyverns
  A spriggan (D:7)
  3 steam dragons
  5 yaks (D:10)
  A hungry ghost (D:10)
  The ghost of Shufflesack the Sneak, an amateur HaAs (D:3)
  Edmund (D:4)
  A sky beast (D:8)
  Duvessa (D:6)
  2 orc warriors
  2 black bears
  A wasp (D:10)
  2 ice beasts
  2 phantoms
  4 ogres
  4 centaurs
  7 big kobolds
  5 giant frogs
  Dowan (D:6)
  2 scorpions
  24 killer bees
  4 wights (D:10)
  4 hounds
  A centaur zombie (D:8)
  A wasp zombie (D:10)
  4 crimson imps
  A gnoll shaman (D:8)
  2 giant frog skeletons
  4 orc priests
  2 iguanas (D:9)
  4 jellies
  5 orc wizards
  A centaur skeleton (D:7)
  Natasha (twice) (D:4)
  5 worker ants
  A killer bee zombie (D:8)
  A hound zombie (D:8)
  2 hound skeletons
  Robin (D:2)
  A worker ant zombie (D:5)
  10 gnolls
  8 adders
  3 shadow imps
  2 oozes
  4 worms
  10 giant geckos
  19 orcs
  9 bats
  9 giant cockroaches
  9 goblins
  23 hobgoblins
  51 kobolds
  4 quokkas
  6 ball pythons
  A giant gecko zombie (D:8)
  7 giant newts
  8 jackals
  2 quokka zombies
  12 rats
317 creatures vanquished.

Notes
Turn   | Place    | Note
--------------------------------------------------------------
     0 | D:1      | Heskey the Draconian Fighter began the quest for the Orb.
     0 | D:1      | Reached XP level 1. HP: 19/19 MP: 1/1
   234 | D:1      | Reached XP level 2. HP: 13/26 MP: 2/2
   823 | D:1      | Reached XP level 3. HP: 33/33 MP: 3/3
  1113 | D:2      | Noticed Robin
  1695 | D:1      | Reached skill level 4 in Fighting
  1752 | D:2      | Killed Robin
  1752 | D:2      | Reached XP level 4. HP: 40/40 MP: 4/4
  1776 | D:2      | Found a sparkling altar of Nemelex Xobeh.
  1777 | D:2      | Found a faded altar to an unknown god.
  2101 | D:2      | Found a blossoming altar of Fedhas.
  2153 | D:2      | Gained mutation: You regenerate slowly when monsters are visible. [potion of mutation]
  2153 | D:2      | Gained mutation: You occasionally shout uncontrollably at your foes. [potion of mutation]
  2153 | D:2      | Gained mutation: Your muscles are strong. (Str +2) [potion of mutation]
  2300 | D:3      | Found a glowing drain.
  2318 | D:3      | Reached XP level 5. HP: 33/47 MP: 5/5
  2426 | Sewer    | Entered a sewer
  2499 | Sewer    | Reached skill level 5 in Fighting
  2761 | D:3      | Noticed Shufflesack's ghost (amateur HaAs)
  2867 | D:3      | Killed Shufflesack's ghost
  2867 | D:3      | Reached XP level 6. HP: 50/56 MP: 6/6
  3032 | D:3      | Found an iron altar of Okawaru.
  3032 | D:3      | Found an opulent altar of Gozag.
  3047 | D:3      | Noticed a centaur
  3060 | D:3      | Killed a centaur
  3287 | D:4      | Noticed a phantom
  3290 | D:4      | Noticed Edmund
  3294 | D:4      | Your scales start taking on a weird mottled colour.
  3294 | D:4      | Reached XP level 7. HP: 62/62 MP: 7/7
  3304 | D:4      | Killed Edmund
  3304 | D:4      | Reached skill level 6 in Fighting
  3311 | D:4      | Killed a phantom
  3311 | D:4      | Reached skill level 5 in Short Blades
  3311 | D:4      | Reached skill level 5 in Dodging
  3715 | D:4      | You fall through a shaft for 2 floors!
  3718 | D:5      | Entered Level 5 of the Dungeon
  3983 | D:4      | Noticed Natasha
  3984 | D:4      | Killed Natasha
  4009 | D:4      | Noticed Natasha
  4041 | D:4      | Killed Natasha
  4155 | D:5      | Reached XP level 8. HP: 27/71 MP: 8/8
  4467 | D:5      | Reached skill level 7 in Fighting
  5362 | D:6      | Noticed Duvessa
  5371 | D:6      | Killed Duvessa
  5372 | D:6      | Noticed Dowan
  5380 | D:6      | Killed Dowan
  5415 | D:6      | Reached skill level 8 in Fighting
  5464 | D:6      | Reached XP level 9. HP: 65/81 MP: 9/9
  5519 | D:6      | Found a staircase to the Ecumenical Temple.
  5540 | Temple   | Entered the Ecumenical Temple
  5791 | Temple   | Became a worshipper of Makhleb the Destroyer
  6048 | D:7      | Found a sacrificial altar of Ru.
  6513 | D:7      | Noticed Prince Ribbit
  6536 | D:7      | Killed Prince Ribbit
  6609 | D:7      | Reached skill level 9 in Fighting
  7048 | D:8      | Reached * piety under Makhleb
  7233 | D:8      | Reached ** piety under Makhleb
  7960 | D:8      | Reached XP level 10. HP: 90/92 MP: 10/10
  8151 | D:9      | Found a staircase to the Orcish Mines.
  8419 | D:9      | Identified the Disquisition on Helpful Execration
  8521 | D:9      | Reached skill level 10 in Fighting
  8763 | D:9      | Reached *** piety under Makhleb
  9169 | D:10     | Entered Level 10 of the Dungeon
  9905 | D:10     | Reached **** piety under Makhleb
  9993 | D:10     | Reached skill level 11 in Fighting
 10130 | D:10     | Found Rofeuwn's Gadget Shoppe.
 10935 | D:10     | Reached skill level 10 in Short Blades
 11068 | D:11     | Noticed a red ugly thing
 11097 | D:11     | Slain by a red ugly thing

Action                   |  1- 3 |  4- 6 |  7- 9 | 10-12 || total
-------------------------+-------+-------+-------+-------++-------
Melee: Rapier            |    51 |       |       |       ||    51
       Dagger            |    84 |   232 |   420 |   426 ||  1162
       Unarmed           |       |       |     3 |       ||     3
 Abil: Breathe Sticky Fl |       |       |     2 |       ||     2
  Use: Potion            |     2 |     5 |     6 |     4 ||    17
       Scroll            |       |    11 |     1 |     5 ||    17
 Stab: Sleeping          |     1 |     1 |       |       ||     2
       Distracted        |       |       |     1 |       ||     1
  Eat: Chunk             |     3 |     5 |     7 |     4 ||    19
       Bread ration      |       |       |     1 |     1 ||     2
       Pizza             |       |       |     1 |     1 ||     2
       Beef jerky        |       |       |     1 |       ||     1
       Meat ration       |       |       |       |     1 ||     1
